 Dungeon Crawl Stone Soup version 0.26.0-10-g1f06aea511 (webtiles) character file.

Game seed: 15978321832573945814

194 Borgoz the Slasher (level 5, -4/45 HPs)
             Began as a Ghoul Gladiator on Jan 18, 2021.
             Hit by a boomerang thrown by an orc warrior (12 damage)
             ... on level 3 of the Dungeon.
             The game lasted 00:03:22 (3712 turns).

Borgoz the Slasher (Ghoul Gladiator)                Turns: 3712, Time: 00:03:23

Health: -4/45      AC:  5    Str: 18    XL:     5   Next: 73%
Magic:  4/4        EV: 12    Int:  3    God:
Gold:   98         SH:  0    Dex: 11    Spells: 4/4 levels left

rFire    . . .     SeeInvis .   a - +0 long sword
rCold    + . .     Faith    .   (no shield)
rNeg     + + +     Spirit   .   b - +0 leather armour
rPois    ∞         Reflect  .   n - +2 hat
rElec    .         Harm     .   (no cloak)
rCorr    .         Rampage  .   (no gloves)
Will     .....                  (no boots)
Stlth    ++........             (no amulet)
HPRegen  0.00/turn              i - ring of stealth
MPRegen  0.09/turn              (no ring)

@: no status effects
A: claws 1, cold resistance 1, negative energy resistance 3, inhibited
regeneration, torment resistance, unbreathing
a: no special abilities


You were on level 3 of the Dungeon.
You visited 1 branch of the dungeon, and saw 3 of its levels.

You collected 98 gold pieces.

Inventory:

Hand Weapons
 a - a +0 long sword (weapon)
Missiles
 d - 3 throwing nets (quivered)
Armour
 b - a +0 leather armour (worn)
 n - a +2 hat (worn)
Jewellery
 h - an uncursed ring of ice
 i - a ring of stealth (left claw)
 j - an uncursed ring of flight
Scrolls
 e - a scroll of random uselessness {unknown}
 f - 3 scrolls of teleportation {unknown}
 g - a scroll of magic mapping {unknown}
 k - a scroll of remove curse {unknown}
 o - 5 scrolls of identify {unknown}
 p - a scroll of fear {unknown}


   Skills:
 + Level 3.1 Fighting
 * Level 4.0 Long Blades
 - Level 1.7 Throwing
 * Level 2.4 Armour
 + Level 3.3 Dodging


You had 4 spell levels left.
You didn't know any spells.
Your spell library was empty.

Dungeon Overview and Level Annotations

Branches:
Dungeon (3/15)

Altars:
Fedhas
Hepliaklqana
Trog


Innate Abilities, Weirdness & Mutations

You thrive by killing the living.
You are immune to poison.
You have sharp fingernails.
Your flesh is cold resistant. (rC+)
You are immune to negative energy. (rN+++)
You do not regenerate when monsters are visible.
You are immune to unholy pain and torment.
You can survive without breathing.


Message History

You are too injured to fight recklessly!
You are too injured to fight recklessly!
You are too injured to fight recklessly!
You are too injured to fight recklessly!
You are too injured to fight recklessly!
You are too injured to fight recklessly!
You are too injured to fight recklessly!
You are too injured to fight recklessly!
It was a potion of berserk rage.
You cannot raise a blood rage in your lifeless body.
The orc warrior barely misses you.
You riposte.
You barely miss the orc warrior.
The orc warrior is lightly wounded.
The orc warrior barely misses you.
There is an open door here.
The orc warrior throws a boomerang.
The boomerang hits you but does no damage.
The weapon returns to the orc warrior!
The orc warrior throws a boomerang.
The boomerang hits you!
You die...

#.# ##≈≈§§≈§≈##
#######.. #.#
#⌠≈..§..≈⌠# ### #.#
##§§.§.§≈## #.#
#⌠§.§o†§≈⌠# #.#
#§≈≈§≈§§###
#.####≈####'####≈#
#.....≈≈≈≈≈.≈≈§≈§#
#######§###.##...#
#.@....######
#...#..†....#
#.#....####.#######
....................
###.####.####.#######
#.# #.####.###### #.#
#...........## #.
######........
#.####.##


You could see an orc warrior.

Vanquished Creatures
  2 orc priests (D:3)
  5 adders
  A worm (D:2)
  4 dart slugs
  3 leopard geckos
  5 orcs (D:3)
  6 bats
  5 giant cockroaches
  6 hobgoblins
  8 jackals (D:1)
  2 quokkas (D:2)
  4 frilled lizards
  5 goblins
  13 kobolds
  8 rats
77 creatures vanquished.

Notes
Turn   | Place    | Note
-------+----------+-------------------------------------------
     0 | D:1      | Borgoz the Ghoul Gladiator began the quest for the Orb.
     0 | D:1      | Reached XP level 1. HP: 17/17 MP: 0/0
   180 | D:1      | Reached XP level 2. HP: 17/24 MP: 1/1
   321 | D:1      | Reached skill level 3 in Long Blades
   343 | D:1      | Reached skill level 1 in Armour
   489 | D:1      | Reached XP level 3. HP: 30/30 MP: 2/2
  1316 | D:2      | Found a hazy altar of Hepliaklqana.
  1752 | D:2      | Reached XP level 4. HP: 31/37 MP: 3/3
  2062 | D:2      | Found a blossoming altar of Fedhas.
  2485 | D:3      | Reached XP level 5. HP: 40/45 MP: 4/4
  3398 | D:3      | Reached skill level 4 in Long Blades
  3697 | D:3      | Found a bloodstained altar of Trog.
  3698 | D:3      | Noticed an orc warrior
  3712 | D:3      | Hit by a boomerang thrown by an orc warrior

Illustrated notes

Levels and vault maps discovered:
D:1:      nzn_arrival_settlement, layout_basic
D:2:      minmay_alternating_diamond, layout_basic, nzn_hepliaklqana_mist_gate,
          overflow_temple_1_default
D:3:      layout_loops_ring, lightli_temple_of_fire

Skill      XL: |  1  2  3  4  5 |
---------------+----------------+-----
Long Blades    | 3 4 |  4.0
Armour         | 1 2 |  2.4
Dodging        | 3 |  3.3
Fighting       | 3 |  3.1
Throwing       | |  1.7

Action                   |  1- 3 |  4- 6 || total
-------------------------+-------+-------++-------
Melee: Long sword        |   115 |   104 ||   219
Throw: Throwing net      |       |     1 ||     1
  Use: Potion            |     5 |     2 ||     7
 Stab: Sleeping          |       |     2 ||     2
       Distracted        |       |     1 ||     1
Armor: Leather armour    |    47 |    41 ||    88
Dodge: Dodged            |   112 |    83 ||   195
       Rpst.: Long sword |    34 |    33 ||    67
